Sabres vs Panthers

Created - 4 avril 2024 at 08:27

Goals
1 2 3 T
Sabres 0 2 1 3
Panthers 1 0 0 1
Shots
1 2 3 T
Sabres 3 15 7 25
Panthers 16 14 9 39

GoalsPenalties
1st period
1. Panthers , Teuvo Teravainen 23 (Vincent Trocheck 43, Michael Matheson 29) at 8:17
Ryan Reaves (BUF) for Boarding (Minor) at 19:06
2nd period
2. Sabres , Seth Jarvis 12 (Derek Forbort 13, Jeremy Lauzon 13) at 6:17
3. Sabres , Anze Kopitar 29 (Jeremy Lauzon 14, Trevor Zegras 21) at 16:51
No Penalty
3rd period
4. Sabres , Seth Jarvis 13 (Jakub Vrana 17, Filip Hronek 26) at 17:53
Jeremy Lauzon (BUF) for Holding (Minor) at 2:52
Goalie Stats
Mads Sogaard (BUF), 38 saves from 39 shots - (0,974), W, 4-6-2, 60:00 minutes
Antti Raanta (FLA), 22 saves from 25 shots - (0,880), L, 33-14-2, 60:00 minutes
3 StarsOfficial
1 - Mads Sogaard (BUF)
2 - Seth Jarvis (BUF)
3 - Derek Forbort (BUF)
Referees : Beaudry Halkidis and Justin St. Pierre
Linesman : Jesse Marquis and Brandon Gawryletz
Game Note
6:17 of 2nd period - Sabres goal is going for a video replay. After video review, Goal.
Finance
Level 1 -- Attendance: 5773 (96,22%) -- Ticket Income $577,300
Level 2 -- Attendance: 4601 (92,02%) -- Ticket Income $276,060
Level 3 -- Attendance: 2000 (100,00%) -- Ticket Income $70,000
Level 4 -- Attendance: 3974 (99,35%) -- Ticket Income $79,480
Luxury Box -- Attendance: 1000 (100,00%) -- Ticket Income $200,000
Game was played at the Sunrise Arena.
Total Attendance: 17348 (96,38%)
Total Ticket Income: $1,202,840
Other Income: $589,392
Total Income: $1,792,232



Team Name Goals Shots Shots Attemp Shots Blocked PIM HIT PP PK FO%
Sabres 32549164250 / 0 (0,00%070%
Panthers 1397980150 / 2 (0%)030%

Sabres
Player Name POS G A P +/- PIM HIT SHT SB MP PP MP PP SHT PK MP PK SHT FO% FOT GA TA
Alex ChiassonRW0000000114:270:0000:0000% 110
Anze KopitarC1010003017:110:0001:59067% 600
Clayton KellerLW/RW0000012015:560:0000:1800% 010
Derek ForbortD0113051121:580:0002:2600% 002
Eeli TolvanenLW/RW0000011011:450:0000:0000% 000
Filip HronekD0110000220:540:0000:3500% 000
Ivan ProvorovD0000004222:110:0001:3000% 012
Jakub LaukoC/LW0000032013:570:0001:330100% 401
Jakub VranaLW/RW0112000014:290:0000:0000% 100
Jeremy LauzonD0223230221:120:0001:1600% 001
Marco ScandellaD000-1040317:020:0001:3200% 000
Rasmus SandinD000-1000216:130:0000:3700% 000
Ryan ReavesLW/RW0000220012:510:0000:3000% 000
Sam SteelC/LW/RW0002031017:270:0001:53174% 1901
Seth JarvisRW2022005113:450:0000:0000% 000
Thomas NovakC0000002113:470:0000:00069% 1320
Trevor ZegrasC/LW0110001016:560:0001:4300% 010
Zach HymanLW/RW0000033113:520:0000:0000% 000
Panthers
Player Name POS G A P +/- PIM HIT SHT SB MP PP MP PP SHT PK MP PK SHT FO% FOT GA TA
Andrew PeekeD0000014021:422:0110:0000% 002
Anthony CirelliC/LW/RW0000000018:401:4900:0000% 100
Garnet HathawayC/LW/RW000-200109:080:0000:0000% 210
J.J. MoserD000-2001017:530:0000:0000% 000
Jamie OleksiakD0000030020:051:5700:0000% 000
Jonas SiegenthalerD000-2005117:450:0000:0000% 000
Kevin LabancLW/RW000-2002110:010:2400:0000% 000
Marcus FolignoLW0000042014:550:2400:0000% 010
Mats ZuccarelloLW/RW0000024017:261:4520:0000% 112
Michael MathesonD0110001322:291:5700:0000% 000
Mike HoffmanC/RW0000001014:020:0000:0000% 011
Rocco GrimaldiC/LW/RW000-201109:350:0000:0000% 000
Ross ColtonC/LW/RW0000014014:260:2400:00033% 1200
Sidney CrosbyC0000013017:291:4500:00029% 1411
Taylor HallC/LW0000002117:231:4500:0000% 100
Teuvo TeravainenC/LW/RW1010004118:451:4900:0000% 000
Tyson BarrieD0000000119:172:0100:0000% 000
Vincent TrocheckC/LW/RW0110024018:451:4900:00038% 1320

Sabres

5 vs 5 Forward
Line #Left WingCenterRight WingPHYDFOFWanted %Time %Time Play
1Trevor ZegrasAnze KopitarClayton Keller0142930%16:57
2Zach HymanThomas NovakAlex Chiasson0232725%13:54
3Jakub VranaSam SteelSeth Jarvis0232425%13:45
4Eeli TolvanenJakub LaukoRyan Reaves1222020%11:26
5 vs 5 Defense
Line #DefenseDefensePHYDFOFWanted %Time %Time Play
1Ivan ProvorovFilip Hronek0233837%20:53
2Derek ForbortJeremy Lauzon0233636%19:54
3Marco ScandellaRasmus Sandin0322627%14:52
4Derek ForbortIvan Provorov12201%0:23
Power Play Forward
Line #Left WingCenterRight WingPHYDFOFWanted %Time %Time Play
1Clayton KellerAnze KopitarZach Hyman005550%0:00
2Trevor ZegrasThomas NovakEeli Tolvanen005450%0:00
Power Play Defense
Line #DefenseDefensePHYDFOFWanted %Time %Time Play
1Jakub VranaFilip Hronek014550%0:00
2Marco ScandellaIvan Provorov014450%0:00
Penalty Kill 4 Players Forward
Line #CenterWingPHYDFOFWanted %Time %Time Play
1Sam SteelJakub Lauko0505154%2:08
2Anze KopitarRyan Reaves0504946%1:50
Penalty Kill 4 Players Defense
Line #DefenseDefensePHYDFOFWanted %Time %Time Play
1Derek ForbortJeremy Lauzon0506066%2:36
2Ivan ProvorovMarco Scandella0504034%1:22
Penalty Kill 3 Players
Line #WingPHYDFOFWanted %Time %Time PlayDefenseDefensePHYDFOFWanted %Time %Time Play
1Anze Kopitar050600%0:00 Ivan ProvorovDerek Forbort050600%0:00
2Sam Steel050400%0:00 Marco ScandellaJeremy Lauzon050400%0:00
4 vs 4 Forward
Line #CenterWingPHYDFOFWanted %Time %Time Play
1Thomas NovakAlex Chiasson122500%0:00
2Sam SteelSeth Jarvis122500%0:00
4 vs 4 Defense
Line #DefensePHYDFOFWanted %Time %Time Play
1Ivan ProvorovFilip Hronek122550%0:00
2Derek ForbortJeremy Lauzon122450%0:00
Last Minutes Offensive
Left WingCenterRight WingDefenseDefense
Clayton KellerAnze KopitarZach HymanIvan ProvorovFilip Hronek
Last Minutes Defensive
Left WingCenterRight WingDefenseDefense
Clayton KellerAnze KopitarZach HymanDerek ForbortMarco Scandella
Time
Total ForwardTotal DefenseLast Minutes OffensiveLast Minutes Defensive
60:00 60:00 0:000:00
Extra Forwards
Normal PowerPlayPenalty Kill
Trevor Zegras, Jakub Vrana, Clayton KellerTrevor Zegras, Jakub VranaTrevor Zegras
Extra Defensemen
Normal PowerPlayPenalty Kill
Marco Scandella, Rasmus Sandin, Derek ForbortIvan Provorov, Ivan ProvorovRasmus Sandin
Penalty Shots
Trevor Zegras, Thomas Novak, Anze Kopitar, Seth Jarvis, Jakub Vrana
Goalie
Mads Sogaard, Elvis Merzlikins
Custom OT Lines Forwards
Anze Kopitar, Clayton Keller, Zach Hyman, Alex Chiasson, Trevor Zegras, Sam Steel, Thomas Novak, Jakub Vrana, Seth Jarvis, Jakub Lauko
Custom OT Lines Defensemen
Ivan Provorov, Filip Hronek, Derek Forbort, Jeremy Lauzon, Rasmus Sandin
Scratches
None

Panthers

5 vs 5 Forward
Line #Left WingCenterRight WingPHYDFOFWanted %Time %Time Play
1Taylor HallSidney CrosbyMats Zuccarello0233129%16:26
2Anthony CirelliVincent TrocheckTeuvo Teravainen0233130%16:56
3Marcus FolignoRoss ColtonMike Hoffman0232925%14:10
4Kevin LabancGarnet HathawayRocco Grimaldi023915%8:30
5 vs 5 Defense
Line #DefenseDefensePHYDFOFWanted %Time %Time Play
1Michael MathesonAndrew Peeke0233233%18:13
2Jamie OleksiakTyson Barrie0233230%17:05
3J.J. MoserJonas Siegenthaler0233131%17:25
4Michael MathesonAndrew Peeke03256%3:19
Power Play Forward
Line #Left WingCenterRight WingPHYDFOFWanted %Time %Time Play
1Taylor HallSidney CrosbyMats Zuccarello0235044%1:45
2Teuvo TeravainenVincent TrocheckAnthony Cirelli0235056%2:13
Power Play Defense
Line #DefenseDefensePHYDFOFWanted %Time %Time Play
1Michael MathesonJamie Oleksiak0235049%1:57
2Tyson BarrieAndrew Peeke0235051%2:01
Penalty Kill 4 Players Forward
Line #CenterWingPHYDFOFWanted %Time %Time Play
1Vincent TrocheckAnthony Cirelli023500%0:00
2Sidney CrosbyTeuvo Teravainen023500%0:00
Penalty Kill 4 Players Defense
Line #DefenseDefensePHYDFOFWanted %Time %Time Play
1Michael MathesonJamie Oleksiak032500%0:00
2Tyson BarrieAndrew Peeke032500%0:00
Penalty Kill 3 Players
Line #WingPHYDFOFWanted %Time %Time PlayDefenseDefensePHYDFOFWanted %Time %Time Play
1Vincent Trocheck023500%0:00 Michael MathesonJamie Oleksiak032500%0:00
2Anthony Cirelli023500%0:00 Tyson BarrieAndrew Peeke032500%0:00
4 vs 4 Forward
Line #CenterWingPHYDFOFWanted %Time %Time Play
1Sidney CrosbyMats Zuccarello023500%0:00
2Vincent TrocheckTeuvo Teravainen023500%0:00
4 vs 4 Defense
Line #DefensePHYDFOFWanted %Time %Time Play
1Michael MathesonJamie Oleksiak023500%0:00
2Tyson BarrieAndrew Peeke032500%0:00
Last Minutes Offensive
Left WingCenterRight WingDefenseDefense
Vincent TrocheckSidney CrosbyMats ZuccarelloMichael MathesonJamie Oleksiak
Last Minutes Defensive
Left WingCenterRight WingDefenseDefense
Teuvo TeravainenVincent TrocheckAnthony CirelliMichael MathesonJamie Oleksiak
Time
Total ForwardTotal DefenseLast Minutes OffensiveLast Minutes Defensive
60:00 60:00 0:000:00
Extra Forwards
Normal PowerPlayPenalty Kill
Marcus Foligno, Kevin Labanc, Rocco GrimaldiMarcus Foligno, Ross ColtonGarnet Hathaway
Extra Defensemen
Normal PowerPlayPenalty Kill
Jamie Oleksiak, Jonas Siegenthaler, Tyson BarrieJonas Siegenthaler, J.J. MoserJonas Siegenthaler
Penalty Shots
Sidney Crosby, Vincent Trocheck, Taylor Hall, Mats Zuccarello, Teuvo Teravainen
Goalie
Antti Raanta, Kevin Lankinen
Custom OT Lines Forwards
Sidney Crosby, Vincent Trocheck, Mats Zuccarello, Taylor Hall, Anthony Cirelli, Teuvo Teravainen, Mike Hoffman, Marcus Foligno, Ross Colton, Garnet Hathaway
Custom OT Lines Defensemen
Michael Matheson, Jamie Oleksiak, Tyson Barrie, J.J. Moser, Andrew Peeke
Scratches
Patrick Brown (Healthy), Ville Husso (Healthy)


Play-by-Play

1st period


0:01 of 1st period - Anze Kopitar wins face-off versus Mats Zuccarello in neutral zone.
0:26 of 1st period - Anze Kopitar is hit by Marcus Foligno and loses puck.
2:06 of 1st period - Snap shot by Vincent Trocheck.
2:06 of 1st period - Shot Blocked by Seth Jarvis.
2:08 of 1st period - Slapshot by Jonas Siegenthaler.
2:08 of 1st period - Deflect By Vincent Trocheck.
2:08 of 1st period - Stopped by Mads Sogaard without a rebound.
2:09 of 1st period - Vincent Trocheck wins face-off versus Jakub Vrana in Sabres zone.
2:14 of 1st period - Snap shot by Teuvo Teravainen.
2:14 of 1st period - Shot Misses the Net.
2:16 of 1st period - Snap shot by Anthony Cirelli.
2:16 of 1st period - Shot Hit the Post.
2:18 of 1st period - Wrist shot by Teuvo Teravainen.
2:18 of 1st period - Shot Misses the Net.
2:20 of 1st period - Slapshot by Tyson Barrie.
2:20 of 1st period - Shot Blocked by Rasmus Sandin.
2:22 of 1st period - Wrist shot by Teuvo Teravainen.
2:22 of 1st period - Shot Misses the Net.
3:38 of 1st period - Snap shot by Teuvo Teravainen.
3:38 of 1st period - Stopped by Mads Sogaard with a rebound.
3:40 of 1st period - Slapshot by Andrew Peeke.
3:40 of 1st period - Stopped by Mads Sogaard without a rebound.
3:41 of 1st period - Vincent Trocheck wins face-off versus Sam Steel in Sabres zone.
4:10 of 1st period - Slapshot by Zach Hyman.
4:10 of 1st period - Shot Blocked by Taylor Hall.
4:12 of 1st period - Wrist shot by Thomas Novak.
4:12 of 1st period - Stopped by Antti Raanta without a rebound.
4:13 of 1st period - Ross Colton wins face-off versus Thomas Novak in Panthers zone.
4:27 of 1st period - Snap shot by Mike Hoffman.
4:27 of 1st period - Shot Blocked by Ivan Provorov.
4:29 of 1st period - Slapshot by Marcus Foligno.
4:29 of 1st period - Stopped by Mads Sogaard with a rebound.
4:46 of 1st period - Eeli Tolvanen is hit by Andrew Peeke and loses puck.
4:58 of 1st period - Off-side.
4:59 of 1st period - Vincent Trocheck wins face-off versus Anze Kopitar in neutral zone.
5:47 of 1st period - Snap shot by Vincent Trocheck.
5:47 of 1st period - Shot Blocked by Marco Scandella.
5:49 of 1st period - Snap shot by Teuvo Teravainen.
5:49 of 1st period - Stopped by Mads Sogaard with a rebound.
5:57 of 1st period - Snap shot by Teuvo Teravainen.
5:57 of 1st period - Shot Misses the Net.
5:59 of 1st period - Wrist shot by Vincent Trocheck.
5:59 of 1st period - Shot Misses the Net.
6:47 of 1st period - Snap shot by Clayton Keller.
6:47 of 1st period - Shot Misses the Net.
6:49 of 1st period - Snap shot by Anze Kopitar.
6:49 of 1st period - Stopped by Antti Raanta with a rebound.
6:57 of 1st period - Wrist shot by Clayton Keller.
6:57 of 1st period - Stopped by Antti Raanta with a rebound.
7:18 of 1st period - Wrist shot by Vincent Trocheck.
7:18 of 1st period - Stopped by Mads Sogaard with a rebound.
7:26 of 1st period - Wrist shot by Vincent Trocheck.
7:26 of 1st period - Shot Misses the Net.
7:38 of 1st period - Vincent Trocheck is hit by Marco Scandella and loses puck.
7:49 of 1st period - Snap shot by Vincent Trocheck.
7:49 of 1st period - Stopped by Mads Sogaard with a rebound.
7:51 of 1st period - Slapshot by Michael Matheson.
7:51 of 1st period - Shot Misses the Net.
7:53 of 1st period - Wrist shot by Anthony Cirelli.
7:53 of 1st period - Shot Misses the Net.
8:17 of 1st period - Snap shot by Teuvo Teravainen.
8:17 of 1st period - Goal by Teuvo Teravainen - Sabres : 0 - Panthers : 1.
8:18 of 1st period - Thomas Novak wins face-off versus Ross Colton in neutral zone.
8:21 of 1st period - Jamie Oleksiak is hit by Derek Forbort and loses puck.
8:34 of 1st period - Wrist shot by Ross Colton.
8:34 of 1st period - Shot Misses the Net.
9:16 of 1st period - Slapshot by Kevin Labanc.
9:16 of 1st period - Deflect By Garnet Hathaway.
9:16 of 1st period - Stopped by Mads Sogaard with a rebound.
9:51 of 1st period - J.J. Moser is hit by Derek Forbort and loses puck.
10:08 of 1st period - Jamie Oleksiak is hit by Eeli Tolvanen and loses puck.
11:11 of 1st period - Jamie Oleksiak is hit by Jeremy Lauzon and loses puck.
11:56 of 1st period - Garnet Hathaway is hit by Zach Hyman and loses puck.
13:15 of 1st period - Marcus Foligno is hit by Zach Hyman.
15:47 of 1st period - Marcus Foligno is hit by Clayton Keller.
17:11 of 1st period - Icing by Garnet Hathaway.
17:12 of 1st period - Anze Kopitar wins face-off versus Garnet Hathaway in Panthers zone.
17:13 of 1st period - Wrist shot by Clayton Keller.
17:13 of 1st period - Shot Blocked by Tyson Barrie.
17:27 of 1st period - Tyson Barrie is hit by Jeremy Lauzon.
17:51 of 1st period - Wrist shot by Sidney Crosby.
17:51 of 1st period - Stopped by Mads Sogaard with a rebound.
17:53 of 1st period - Snap shot by Mats Zuccarello.
17:53 of 1st period - Shot Blocked by Thomas Novak.
17:55 of 1st period - Snap shot by Taylor Hall.
17:55 of 1st period - Stopped by Mads Sogaard without a rebound.
17:56 of 1st period - Sam Steel wins face-off versus Ross Colton in Sabres zone.
18:22 of 1st period - Sam Steel is hit by Ross Colton and loses puck.
18:45 of 1st period - Wrist shot by Ross Colton.
18:45 of 1st period - Stopped by Mads Sogaard without a rebound.
18:46 of 1st period - Sidney Crosby wins face-off versus Alex Chiasson in Sabres zone.
18:59 of 1st period - Snap shot by Mats Zuccarello.
18:59 of 1st period - Stopped by Mads Sogaard with a rebound.
19:01 of 1st period - Slapshot by Jonas Siegenthaler.
19:01 of 1st period - Stopped by Mads Sogaard with a rebound.
19:03 of 1st period - Backhand shot by Jonas Siegenthaler.
19:03 of 1st period - Stopped by Mads Sogaard without a rebound.
19:04 of 1st period - Jakub Lauko wins face-off versus Vincent Trocheck in Sabres zone.
19:06 of 1st period - Minor Penalty to Ryan Reaves for Boarding.
19:07 of 1st period - Sam Steel wins face-off versus Sidney Crosby in Sabres zone.
19:49 of 1st period - Wrist shot by Mats Zuccarello.
19:49 of 1st period - Stopped by Mads Sogaard with a rebound.
Goals for this period are 0 for Sabres vs 1 for Panthers.
Shots for this period are 3 for Sabres vs 16 for Panthers.

2nd period


0:01 of 2nd period - Sam Steel wins face-off versus Vincent Trocheck in neutral zone.
0:04 of 2nd period - Snap shot by Sam Steel.
0:04 of 2nd period - Stopped by Antti Raanta without a rebound.
0:05 of 2nd period - Sam Steel wins face-off versus Vincent Trocheck in Panthers zone.
0:46 of 2nd period - Wrist shot by Teuvo Teravainen.
0:46 of 2nd period - Shot Misses the Net.
0:48 of 2nd period - Snap shot by Andrew Peeke.
0:48 of 2nd period - Stopped by Mads Sogaard without a rebound.
0:49 of 2nd period - Sidney Crosby wins face-off versus Sam Steel in Sabres zone.
1:00 of 2nd period - Snap shot by Sidney Crosby.
1:00 of 2nd period - Deflect By Mats Zuccarello.
1:00 of 2nd period - Stopped by Mads Sogaard without a rebound.
1:01 of 2nd period - Sam Steel wins face-off versus Sidney Crosby in Sabres zone.
1:06 of 2nd period - Penalty to Ryan Reaves is over, Ryan Reaves is back on ice.
1:10 of 2nd period - Mats Zuccarello is hit by Jakub Lauko and loses puck.
1:52 of 2nd period - Mike Hoffman is hit by Zach Hyman and loses puck.
2:13 of 2nd period - Slapshot by Anze Kopitar.
2:13 of 2nd period - Deflect By Clayton Keller.
2:13 of 2nd period - Stopped by Antti Raanta without a rebound.
2:14 of 2nd period - Vincent Trocheck wins face-off versus Anze Kopitar in Panthers zone.
2:41 of 2nd period - Anthony Cirelli is hit by Derek Forbort and loses puck.
3:10 of 2nd period - Anze Kopitar is hit by Jamie Oleksiak and loses puck.
4:22 of 2nd period - Backhand shot by Teuvo Teravainen.
4:22 of 2nd period - Stopped by Mads Sogaard with a rebound.
4:41 of 2nd period - Filip Hronek is hit by Vincent Trocheck.
5:12 of 2nd period - Snap shot by Anze Kopitar.
5:12 of 2nd period - Shot Misses the Net.
5:14 of 2nd period - Slapshot by Trevor Zegras.
5:14 of 2nd period - Deflect By Jamie Oleksiak.
5:14 of 2nd period - Stopped by Antti Raanta with a rebound.
5:16 of 2nd period - Slapshot by Ivan Provorov.
5:16 of 2nd period - Deflect By Tyson Barrie.
5:16 of 2nd period - Stopped by Antti Raanta with a rebound.
5:18 of 2nd period - Slapshot by Ivan Provorov.
5:18 of 2nd period - Deflect By Tyson Barrie.
5:18 of 2nd period - Stopped by Antti Raanta with a rebound.
5:20 of 2nd period - Snap shot by Ivan Provorov.
5:20 of 2nd period - Stopped by Antti Raanta without a rebound.
5:21 of 2nd period - Jakub Lauko wins face-off versus Sidney Crosby in Panthers zone.
5:32 of 2nd period - Slapshot by Eeli Tolvanen.
5:32 of 2nd period - Shot Misses the Net.
5:53 of 2nd period - Snap shot by Zach Hyman.
5:53 of 2nd period - Shot Misses the Net.
5:59 of 2nd period - Wrist shot by Ross Colton.
5:59 of 2nd period - Stopped by Mads Sogaard with a rebound.
6:01 of 2nd period - Snap shot by Michael Matheson.
6:01 of 2nd period - Stopped by Mads Sogaard without a rebound.
6:02 of 2nd period - Sam Steel wins face-off versus Garnet Hathaway in Sabres zone.
6:13 of 2nd period - Snap shot by Seth Jarvis.
6:13 of 2nd period - Shot Blocked by Kevin Labanc.
6:15 of 2nd period - Wrist shot by Derek Forbort.
6:15 of 2nd period - Stopped by Antti Raanta with a rebound.
6:17 of 2nd period - Snap shot by Seth Jarvis.
6:17 of 2nd period - Sabres goal is going for a video replay.
6:17 of 2nd period - The goal is good.
6:17 of 2nd period - Goal by Seth Jarvis - Sabres : 1 - Panthers : 1.
6:18 of 2nd period - Thomas Novak wins face-off versus Sidney Crosby in neutral zone.
6:25 of 2nd period - Wrist shot by Mats Zuccarello.
6:25 of 2nd period - Shot Misses the Net.
7:13 of 2nd period - Snap shot by Kevin Labanc.
7:13 of 2nd period - Stopped by Mads Sogaard with a rebound.
7:15 of 2nd period - Snap shot by Andrew Peeke.
7:15 of 2nd period - Stopped by Mads Sogaard without a rebound.
7:16 of 2nd period - Thomas Novak wins face-off versus Sidney Crosby in Sabres zone.
7:21 of 2nd period - Snap shot by Mats Zuccarello.
7:21 of 2nd period - Stopped by Mads Sogaard with a rebound.
7:23 of 2nd period - Slapshot by Andrew Peeke.
7:23 of 2nd period - Shot Blocked by Alex Chiasson.
8:40 of 2nd period - Slapshot by Ross Colton.
8:40 of 2nd period - Shot Blocked by Marco Scandella.
8:42 of 2nd period - Snap shot by Ross Colton.
8:42 of 2nd period - Stopped by Mads Sogaard with a rebound.
8:44 of 2nd period - Slapshot by J.J. Moser.
8:44 of 2nd period - Shot Misses the Net.
8:54 of 2nd period - Snap shot by Seth Jarvis.
8:54 of 2nd period - Shot Misses the Net.
10:19 of 2nd period - Wrist shot by Ivan Provorov.
10:19 of 2nd period - Deflect By Eeli Tolvanen.
10:19 of 2nd period - Shot Misses the Net.
10:19 of 2nd period - Puck is out of play.
10:20 of 2nd period - Jakub Lauko wins face-off versus Ross Colton in Panthers zone.
10:42 of 2nd period - Snap shot by Marcus Foligno.
10:42 of 2nd period - Shot Misses the Net.
10:44 of 2nd period - Snap shot by Jonas Siegenthaler.
10:44 of 2nd period - Deflect By Zach Hyman.
10:44 of 2nd period - Stopped by Mads Sogaard with a rebound.
10:46 of 2nd period - Backhand shot by Marcus Foligno.
10:46 of 2nd period - Shot Misses the Net.
10:48 of 2nd period - Slapshot by Jonas Siegenthaler.
10:48 of 2nd period - Stopped by Mads Sogaard with a rebound.
10:50 of 2nd period - Slapshot by J.J. Moser.
10:50 of 2nd period - Stopped by Mads Sogaard with a rebound.
10:52 of 2nd period - Snap shot by Ross Colton.
10:52 of 2nd period - Stopped by Mads Sogaard without a rebound.
10:53 of 2nd period - Sidney Crosby wins face-off versus Sam Steel in Sabres zone.
11:04 of 2nd period - Slapshot by Seth Jarvis.
11:04 of 2nd period - Stopped by Antti Raanta without a rebound.
11:05 of 2nd period - Thomas Novak wins face-off versus Sidney Crosby in Panthers zone.
11:20 of 2nd period - Snap shot by Zach Hyman.
11:20 of 2nd period - Stopped by Antti Raanta with a rebound.
12:03 of 2nd period - Wrist shot by Sidney Crosby.
12:03 of 2nd period - Stopped by Mads Sogaard without a rebound.
12:04 of 2nd period - Sam Steel wins face-off versus Ross Colton in Sabres zone.
12:09 of 2nd period - Snap shot by Seth Jarvis.
12:09 of 2nd period - Shot Misses the Net.
12:33 of 2nd period - Thomas Novak is hit by Vincent Trocheck and loses puck.
12:39 of 2nd period - Off-side.
12:40 of 2nd period - Thomas Novak wins face-off versus Vincent Trocheck in neutral zone.
13:03 of 2nd period - Icing by Jamie Oleksiak.
13:04 of 2nd period - Sam Steel wins face-off versus Ross Colton in Panthers zone.
13:30 of 2nd period - Mike Hoffman is hit by Jakub Lauko and loses puck.
13:35 of 2nd period - Snap shot by Eeli Tolvanen.
13:35 of 2nd period - Stopped by Antti Raanta with a rebound.
13:37 of 2nd period - Snap shot by Jakub Lauko.
13:37 of 2nd period - Stopped by Antti Raanta without a rebound.
13:38 of 2nd period - Thomas Novak wins face-off versus Sidney Crosby in Panthers zone.
13:49 of 2nd period - Zach Hyman is hit by Mats Zuccarello and loses puck.
14:28 of 2nd period - Rocco Grimaldi is hit by Ryan Reaves and loses puck.
14:45 of 2nd period - Marcus Foligno is hit by Marco Scandella and loses puck.
15:35 of 2nd period - Off-side.
15:36 of 2nd period - Jakub Lauko wins face-off versus Sidney Crosby in neutral zone.
15:43 of 2nd period - Slapshot by Filip Hronek.
15:43 of 2nd period - Shot Blocked by Jonas Siegenthaler.
15:45 of 2nd period - Snap shot by Ivan Provorov.
15:45 of 2nd period - Shot Misses the Net.
16:12 of 2nd period - Zach Hyman is hit by Marcus Foligno and loses puck.
16:27 of 2nd period - Slapshot by Teuvo Teravainen.
16:27 of 2nd period - Shot Blocked by Filip Hronek.
16:47 of 2nd period - Snap shot by Trevor Zegras.
16:47 of 2nd period - Shot Hit the Post.
16:49 of 2nd period - Wrist shot by Trevor Zegras.
16:49 of 2nd period - Deflect By Anze Kopitar.
16:49 of 2nd period - Stopped by Antti Raanta with a rebound.
16:51 of 2nd period - Slapshot by Jeremy Lauzon.
16:51 of 2nd period - Deflect By Anze Kopitar.
16:51 of 2nd period - Goal by Anze Kopitar - Sabres : 2 - Panthers : 1.
16:52 of 2nd period - Sidney Crosby wins face-off versus Thomas Novak in neutral zone.
17:19 of 2nd period - Derek Forbort is hit by Marcus Foligno.
17:39 of 2nd period - Wrist shot by Jakub Lauko.
17:39 of 2nd period - Shot Blocked by Michael Matheson.
17:41 of 2nd period - Snap shot by Jakub Lauko.
17:41 of 2nd period - Stopped by Antti Raanta with a rebound.
18:42 of 2nd period - Tyson Barrie is hit by Sam Steel and loses puck.
Goals for this period are 2 for Sabres vs 0 for Panthers.
Shots for this period are 15 for Sabres vs 14 for Panthers.

3rd period


0:01 of 3rd period - Sam Steel wins face-off versus Sidney Crosby in neutral zone.
0:06 of 3rd period - Wrist shot by Seth Jarvis.
0:06 of 3rd period - Deflect By Jakub Vrana.
0:06 of 3rd period - Shot Blocked by Michael Matheson.
0:06 of 3rd period - Puck is out of play.
0:07 of 3rd period - Sam Steel wins face-off versus Sidney Crosby in Panthers zone.
0:08 of 3rd period - Wrist shot by Seth Jarvis.
0:08 of 3rd period - Shot Misses the Net.
0:34 of 3rd period - Wrist shot by Sidney Crosby.
0:34 of 3rd period - Stopped by Mads Sogaard with a rebound.
0:36 of 3rd period - Slapshot by Michael Matheson.
0:36 of 3rd period - Deflect By Mats Zuccarello.
0:36 of 3rd period - Shot Misses the Net.
0:36 of 3rd period - Puck is out of play.
0:37 of 3rd period - Ross Colton wins face-off versus Thomas Novak in Sabres zone.
1:30 of 3rd period - Mats Zuccarello is hit by Ryan Reaves and loses puck.
1:37 of 3rd period - Filip Hronek is hit by Mats Zuccarello and loses puck.
2:33 of 3rd period - Snap shot by Mats Zuccarello.
2:33 of 3rd period - Shot Blocked by Ivan Provorov.
2:35 of 3rd period - Slapshot by Taylor Hall.
2:35 of 3rd period - Stopped by Mads Sogaard without a rebound.
2:36 of 3rd period - Ross Colton wins face-off versus Thomas Novak in Sabres zone.
2:37 of 3rd period - Slapshot by Mike Hoffman.
2:37 of 3rd period - Shot Blocked by Jeremy Lauzon.
2:52 of 3rd period - Minor Penalty to Jeremy Lauzon for Holding.
2:53 of 3rd period - Vincent Trocheck wins face-off versus Sam Steel in Sabres zone.
2:57 of 3rd period - Wrist shot by Anthony Cirelli.
2:57 of 3rd period - Shot Blocked by Derek Forbort.
2:59 of 3rd period - Slapshot by Jamie Oleksiak.
2:59 of 3rd period - Shot Blocked by Rasmus Sandin.
4:38 of 3rd period - Snap shot by Tyson Barrie.
4:38 of 3rd period - Shot Blocked by Marco Scandella.
4:52 of 3rd period - Penalty to Jeremy Lauzon is over, Jeremy Lauzon is back on ice.
5:07 of 3rd period - Michael Matheson is hit by Sam Steel and loses puck.
5:20 of 3rd period - Wrist shot by Kevin Labanc.
5:20 of 3rd period - Stopped by Mads Sogaard without a rebound.
5:21 of 3rd period - Thomas Novak wins face-off versus Ross Colton in Sabres zone.
6:33 of 3rd period - Snap shot by Thomas Novak.
6:33 of 3rd period - Stopped by Antti Raanta with a rebound.
6:35 of 3rd period - Wrist shot by Zach Hyman.
6:35 of 3rd period - Shot Misses the Net.
6:37 of 3rd period - Slapshot by Ivan Provorov.
6:37 of 3rd period - Stopped by Antti Raanta without a rebound.
6:38 of 3rd period - Thomas Novak wins face-off versus Ross Colton in Panthers zone.
6:51 of 3rd period - Slapshot by Marcus Foligno.
6:51 of 3rd period - Stopped by Mads Sogaard with a rebound.
6:59 of 3rd period - Andrew Peeke is hit by Marco Scandella and loses puck.
7:08 of 3rd period - Snap shot by Zach Hyman.
7:08 of 3rd period - Stopped by Antti Raanta with a rebound.
7:10 of 3rd period - Slapshot by Ivan Provorov.
7:10 of 3rd period - Shot Blocked by Michael Matheson.
7:12 of 3rd period - Snap shot by Zach Hyman.
7:12 of 3rd period - Stopped by Antti Raanta without a rebound.
7:13 of 3rd period - Sam Steel wins face-off versus Vincent Trocheck in Panthers zone.
7:14 of 3rd period - Snap shot by Seth Jarvis.
7:14 of 3rd period - Stopped by Antti Raanta without a rebound.
7:15 of 3rd period - Sam Steel wins face-off versus Vincent Trocheck in Panthers zone.
7:22 of 3rd period - Snap shot by Seth Jarvis.
7:22 of 3rd period - Stopped by Antti Raanta without a rebound.
7:23 of 3rd period - Sam Steel wins face-off versus Vincent Trocheck in Panthers zone.
7:30 of 3rd period - Wrist shot by Sam Steel.
7:30 of 3rd period - Shot Misses the Net.
8:07 of 3rd period - Snap shot by Seth Jarvis.
8:07 of 3rd period - Shot Misses the Net.
8:21 of 3rd period - Snap shot by Teuvo Teravainen.
8:21 of 3rd period - Shot Misses the Net.
8:53 of 3rd period - Wrist shot by Teuvo Teravainen.
8:53 of 3rd period - Shot Misses the Net.
9:25 of 3rd period - Slapshot by Seth Jarvis.
9:25 of 3rd period - Shot Misses the Net.
9:36 of 3rd period - Snap shot by Seth Jarvis.
9:36 of 3rd period - Shot Blocked by Teuvo Teravainen.
9:48 of 3rd period - Wrist shot by Vincent Trocheck.
9:48 of 3rd period - Stopped by Mads Sogaard with a rebound.
9:50 of 3rd period - Slapshot by J.J. Moser.
9:50 of 3rd period - Shot Blocked by Jeremy Lauzon.
9:52 of 3rd period - Snap shot by Vincent Trocheck.
9:52 of 3rd period - Shot Misses the Net.
9:54 of 3rd period - Wrist shot by Teuvo Teravainen.
9:54 of 3rd period - Shot Misses the Net.
9:56 of 3rd period - Slapshot by Jonas Siegenthaler.
9:56 of 3rd period - Stopped by Mads Sogaard without a rebound.
9:57 of 3rd period - Anze Kopitar wins face-off versus Ross Colton in Sabres zone.
10:24 of 3rd period - Marco Scandella is hit by Jamie Oleksiak and loses puck.
10:33 of 3rd period - Snap shot by Mats Zuccarello.
10:33 of 3rd period - Shot Blocked by Zach Hyman.
10:35 of 3rd period - Backhand shot by Andrew Peeke.
10:35 of 3rd period - Deflect By Alex Chiasson.
10:35 of 3rd period - Stopped by Mads Sogaard without a rebound.
10:36 of 3rd period - Anze Kopitar wins face-off versus Taylor Hall in Sabres zone.
12:49 of 3rd period - Rasmus Sandin is hit by Jamie Oleksiak and loses puck.
14:07 of 3rd period - Eeli Tolvanen is hit by Rocco Grimaldi and loses puck.
14:37 of 3rd period - Mike Hoffman is hit by Derek Forbort and loses puck.
14:50 of 3rd period - Slapshot by Michael Matheson.
14:50 of 3rd period - Shot Misses the Net.
15:09 of 3rd period - Icing by J.J. Moser.
15:10 of 3rd period - Thomas Novak wins face-off versus Vincent Trocheck in Panthers zone.
15:25 of 3rd period - J.J. Moser is hit by Jeremy Lauzon.
15:36 of 3rd period - Taylor Hall is hit by Derek Forbort and loses puck.
15:47 of 3rd period - Seth Jarvis is hit by Marcus Foligno and loses puck.
15:52 of 3rd period - Wrist shot by Mike Hoffman.
15:52 of 3rd period - Stopped by Mads Sogaard with a rebound.
16:00 of 3rd period - Wrist shot by Marcus Foligno.
16:00 of 3rd period - Shot Misses the Net.
16:52 of 3rd period - Anze Kopitar is hit by Sidney Crosby.
17:22 of 3rd period - Slapshot by Trevor Zegras.
17:22 of 3rd period - Shot Misses the Net.
17:24 of 3rd period - Snap shot by Trevor Zegras.
17:24 of 3rd period - Shot Misses the Net.
17:32 of 3rd period - Michael Matheson is hit by Marco Scandella and loses puck.
17:36 of 3rd period - Icing by Teuvo Teravainen.
17:37 of 3rd period - Sam Steel wins face-off versus Anthony Cirelli in Panthers zone.
17:53 of 3rd period - Slapshot by Seth Jarvis.
17:53 of 3rd period - Goal by Seth Jarvis - Sabres : 3 - Panthers : 1.
17:54 of 3rd period - Ross Colton wins face-off versus Sam Steel in neutral zone.
18:03 of 3rd period - Snap shot by Ross Colton.
18:03 of 3rd period - Shot Misses the Net.
18:05 of 3rd period - Slapshot by Tyson Barrie.
18:05 of 3rd period - Shot Misses the Net.
18:09 of 3rd period - Slapshot by Marcus Foligno.
18:09 of 3rd period - Shot Blocked by Filip Hronek.
18:19 of 3rd period - Taylor Hall is hit by Jakub Lauko and loses puck.
19:43 of 3rd period - Snap shot by Rocco Grimaldi.
19:43 of 3rd period - Stopped by Mads Sogaard with a rebound.
19:49 of 3rd period - Rocco Grimaldi is hit by Sam Steel and loses puck.
Goals for this period are 1 for Sabres vs 0 for Panthers.
Shots for this period are 7 for Sabres vs 9 for Panthers.




Output by the SimonT Hockey Simulator (STHS) for Eric Tremblay - Original Page W3C HTML5 Valid
Hockey Simulator - Hockey Simulation - Hockey Manager